cohdb
Replays
Latest Replays
All Replays
Popular Replays
Top Player Replays
Match Explorer
How It Works
Community
CoH3 Stats
Reddit
Sign in to upload your games and track your stats! →
Sign in with Steam
Match 41142058
Unlisted
Match 41142058
Overview
Messages
Build Orders
End
Pioneer Squad
Construct Infanterie Kompanie
MG 42 Machine Gun Team
Selects Terror Battlegroup
Selects Machine Gun Camouflage
MG 42 Machine Gun Team
Grenadier Squad
Infanterie Officer Quarters
Grenadier Squad
Construct Luftwaffe Kompanie
Jäger Squad
Selects Contempt for the Weak
Medical Bunker
Support Elements
Jäger Squad
Wirbelwind Flakpanzer
Wirbelwind Flakpanzer
Pioneer Squad
Marder III M Tank Destroyer
Luftwaffe Officer Quarters
Jäger Squad
Selects No Quarter
Repair Bunker
MG 42 Bunker
Construct Panzergrenadier Kompanie
StuG III G Assault Gun
Wirbelwind Flakpanzer
von
『BlackBear』
0
0
Comments
sign in to comment!
No comments posted yet!